 Dungeon Crawl Stone Soup version 0.27-a0-334-g52645efa06 (webtiles) character file.

Game seed: 1026399112001300468

49 dolemite99 the Firebug (level 3, 0/25 HPs)
             Began as a Gnoll Fire Elementalist on Feb 13, 2021.
             Slain by a kobold (1 damage)
             ... on level 2 of the Dungeon.
             The game lasted 00:02:04 (1365 turns).

dolemite99 the Firebug (Gnoll Fire Elementalist)    Turns: 1365, Time: 00:02:05

Health: 0/25       AC:  2    Str:  7    XL:     3   Next: 77%
Magic:  4/9        EV: 14    Int: 15    God:
Gold:   83         SH:  0    Dex: 12    Spells: 11/12 levels left

rFire    . . .     SeeInvis .   k - +0 mace
rCold    . . .     Faith    .   (no shield)
rNeg     . . .     Spirit   .   a - +0 robe
rPois    .         Reflect  .   (no helmet)
rElec    .         Harm     .   (no cloak)
rCorr    .         Rampage  .   (no gloves)
Will     .....                  (no boots)
Stlth    ++........             (no amulet)
HPRegen  0.08/turn              (no ring)
MPRegen  0.11/turn              (no ring)

@: no status effects
A: distributed training, fangs 1, strong nose
a: no special abilities


You were on level 2 of the Dungeon.
You visited 1 branch of the dungeon, and saw 2 of its levels.

You collected 83 gold pieces.

Inventory:

Hand Weapons
 d - a +0 short sword
 k - a +0 mace (weapon)
Missiles
 e - 95 stones
 g - 17 sling bullets
 l - 17 poisoned darts (quivered)
Armour
 a - a +0 robe (worn)
Scrolls
 c - a scroll of identify {unknown}
 f - a scroll of amnesia {unknown}
 h - a scroll of immolation {unknown}
 i - a scroll of random uselessness {unknown}
 j - a scroll of noise {unknown}
Potions
 b - 4 potions of curing {unknown}


   Skills:
 + Level 0.9 Fighting
 + Level 0.9 Short Blades
 + Level 0.9 Long Blades
 + Level 0.9 Axes
 + Level 0.9 Maces & Flails
 + Level 0.9 Polearms
 + Level 0.9 Staves
 + Level 0.9 Slings
 + Level 0.9 Bows
 + Level 0.9 Crossbows
 + Level 0.9 Throwing
 + Level 0.9 Armour
 + Level 4.5 Dodging
 + Level 4.2 Stealth
 + Level 0.9 Shields
 + Level 0.9 Unarmed Combat
 + Level 5.0 Spellcasting
 + Level 2.1 Conjurations
 + Level 0.6 Hexes
 + Level 0.6 Summonings
 + Level 0.6 Necromancy
 + Level 0.6 Translocations
 + Level 0.6 Transmutations
 + Level 5.4 Fire Magic
 + Level 0.6 Ice Magic
 + Level 0.6 Air Magic
 + Level 0.6 Earth Magic
 + Level 0.6 Poison Magic
 + Level 1.0 Invocations
 + Level 0.9 Evocations


You had 11 spell levels left.
You knew the following spells:

 Your Spells              Type           Power        Failure   Level
a - Foxfire               Conj/Fire      60%          3%          1

Your spell library contained the following spells:

 Spells                   Type           Power        Failure   Level
 Conjure Flame            Conj/Fire      15%          11%         3
 Inner Flame              Hex/Fire       12%          14%         3
 Sticky Flame             Conj/Fire      15%          34%         4
 Fireball                 Conj/Fire      7%           67%         5


Dungeon Overview and Level Annotations

Branches:
Dungeon (2/15)

Altars:


Innate Abilities, Weirdness & Mutations

Your experience applies equally to all skills.
You have very sharp teeth.
Your uncanny sense of smell can sniff out nearby items.


Message History

The giant cockroach closely misses you. The kobold hits you.
The adder bites you but does no damage. The giant cockroach barely misses you.
The bat hits you but does no damage. The adder misses you. The bat hits you.
The bat closely misses you. The bat closely misses you. The bat misses you.
The bat closely misses you. The bat hits you but does no damage.
The bat closely misses you. The bat barely misses you. The kobold hits you.
* * * LOW HITPOINT WARNING * * *
You see here a quokka corpse.
Casting: Foxfire (safe; 3% risk of failure)
Confirm with . or Enter, or press ? or * to list all spells.
You conjure some foxfire!
The bat misses you. The kobold hits you but does no damage.
The foxfire hits the kobold but does no damage.
The foxfire hits the kobold.
The kobold is moderately wounded.
The bat barely misses you. The adder bites you.
* * * LOW HITPOINT WARNING * * *
The kobold barely misses you. The bat closely misses you.
Casting: Foxfire (safe; 3% risk of failure)
Confirm with . or Enter, or press ? or * to list all spells.
You conjure some foxfire!
The bat hits you but does no damage.
The foxfire hits the bat.
The bat is severely wounded.
The adder bites you.
* * * LOW HITPOINT WARNING * * *
The adder barely misses you.
The foxfire hits the frilled lizard!
You kill the frilled lizard!
The bat hits you.
* * * LOW HITPOINT WARNING * * *
The adder completely misses you. The kobold closely misses you.
The bat hits you but does no damage. The kobold hits you.
You die...

#.# .# #.##.... ..###.#
#....#.# ..#..
.###....#.# ∆ #...#
..r...>.<.# #...#
.########## #...# #.## ∆
#...# ...## ≈.
#...#######..... ∆
≈$.######.....BS@.......
...K.........††Kb.......
..................##.##.
##...........†.....# #
########...#####.#.# ∆
#....S.l..#...
#...####### ### #.....
#...#.


You could see an adder, a giant cockroach, a bat and a kobold.

Vanquished Creatures
  An ooze (D:1)
  A dart slug (D:1)
  2 giant cockroaches
  4 goblins (D:1)
  8 hobgoblins
  4 jackals (D:1)
  8 kobolds
  A quokka (D:2)
  2 bats (D:1)
  2 frilled lizards (D:2)
  6 rats (D:1)
39 creatures vanquished.

Vanquished Creatures (others)
  72 foxfires
72 creatures vanquished.

Grand Total: 111 creatures vanquished

Notes
Turn   | Place    | Note
-------+----------+-------------------------------------------
     0 | D:1      | dolemite99 the Gnoll Fire Elementalist began the quest for
                  | the Orb.
     0 | D:1      | Reached XP level 1. HP: 13/13 MP: 6/6
   196 | D:1      | Reached XP level 2. HP: 19/19 MP: 5/7
   549 | D:1      | Reached skill level 5 in Spellcasting
   549 | D:1      | Reached XP level 3. HP: 22/25 MP: 3/9
   803 | D:1      | Reached skill level 1 in Invocations
  1364 | D:2      | HP: 1/25 [bat (1)]
  1365 | D:2      | Slain by a kobold

Illustrated notes

Levels and vault maps discovered:
D:1:      minmay_arrival_stair_chambers, layout_basic, minmay_octomino_e4
D:2:      cheibrodos_helix_gallery, layout_loops_cross, lemuel_doored_altar,
          hangedman_abyss_or_decor_stabs, lemuel_old_faithful, uniq_natasha

Skill      XL: |  1  2  3 |
---------------+----------+-----
Conjurations   | 2 |  2.1
Spellcasting   | 5 |  5.0
Invocations    | 1 |  1.0
Fighting       | |  0.9
Short Blades   | |  0.9
Long Blades    | |  0.9
Axes           | |  0.9
Maces & Flails | |  0.9
Polearms       | |  0.9
Staves         | |  0.9
Slings         | |  0.9
Bows           | |  0.9
Crossbows      | |  0.9
Throwing       | |  0.9
Armour         | |  0.9
Dodging        | |  4.5
Stealth        | |  4.2
Shields        | |  0.9
Unarmed Combat | |  0.9
Hexes          | |  0.6
Summonings     | |  0.6
Necromancy     | |  0.6
Translocations | |  0.6
Transmutations | |  0.6
Fire Magic     | |  5.4
Ice Magic      | |  0.6
Air Magic      | |  0.6
Earth Magic    | |  0.6
Poison Magic   | |  0.6
Evocations     | |  0.9

Action                   || total
-------------------------++-------
Melee: Mace              ||     1
 Cast: Foxfire           ||    42
Armor: Robe              ||    13
Dodge: Dodged            ||    60

Table legend: (Time is in decaauts)
 A = Elapsed time spent in this place.
 B = Non-inter-level travel time spent in this place.
 C = Inter-level travel time spent in this place.
 D = Time resting spent in this place.
 E = Time spent auto-exploring this place.
 F = Levels seen in this place.
 G = Mean time per level.
                   A        B        C        D        E       F      G
               +--------+--------+--------+--------+--------+-----+--------+
         Total |   1364 |   1334 |     30 |    513 |    430 |   2 |  682.0 |
       Dungeon |   1364 |   1334 |     30 |    513 |    430 |   2 |  682.0 |
               +--------+--------+--------+--------+--------+-----+--------+

Top non-repeatable levels by time:
     D:1: 1321 daAuts
     D:2: 43 daAuts
